 Dungeon Crawl Stone Soup version 0.20.1-1-g8b1a95d (webtiles) character file.

224 ChromeMolly the Sneak (level 6, 0/66 HPs)
             Began as an Octopode Wanderer on Nov 23, 2017.
             Slain by a sky beast (2 damage)
             ... on level 4 of the Dungeon.
             The game lasted 00:17:06 (3146 turns).

ChromeMolly the Sneak (Octopode Wanderer)           Turns: 3146, Time: 00:17:07

Health: 0/66       AC: 30    Str: 11    XL:     6   Next: 0%
Magic:  6/6        EV:  2    Int: 15    God:
Gold:   136        SH:  0    Dex: 13    Spells: 5/5 levels left

rFire    . . .     SeeInvis .   e - +1 dagger (protect)
rCold    . . .     Gourm    .   (no shield)
rNeg     + + +     Faith    .   (helmet currently unavailable)
rPois    +         Spirit   .   (no amulet)
rElec    .         Reflect  .   m - ring of stealth
rCorr    .         Harm     .   (no ring)
MR       .....     NoTele   +   (no ring)
Stlth    ++++......             (no ring)
Regen    0.3/turn               (no ring)
MPRegen  0.1/turn               (no ring)
                                (no ring)
                                (no ring)

@: tree-form, protection aura
A: almost no armour, stealthy swim, (amphibious), 8 rings, (constrict 8)
a: no special abilities


You were on level 4 of the Dungeon.
You were hungry.
You were a tree.
You visited 1 branch of the dungeon, and saw 4 of its levels.

You collected 136 gold pieces.

Inventory:

Hand Weapons
 a - a +2 short sword
 e - a +1 dagger of protection (weapon)
Missiles
 h - 146 stones (quivered)
Jewellery
 m - a ring of stealth (left branch)
Scrolls
 c - 2 scrolls of teleportation
 k - 2 scrolls of identify
 p - 5 scrolls of remove curse
Potions
 f - 4 potions of lignification
 j - 2 potions of flight
 l - a potion of resistance
Comestibles
 d - 2 bread rations
 g - 4 royal jellies
 n - a meat ration


   Skills:
 + Level 4.7 Fighting
 + Level 3.2 Short Blades
 + Level 3.0 Throwing
 + Level 1.1 Dodging
 * Level 5.2 Stealth


You had 5 spell levels left.
You didn't know any spells.

Dungeon Overview and Level Annotations

Branches:
Dungeon (4/15)
 Temple: D:4-7

Altars:
Ashenzari
Cheibriados
Ru
Xom

Annotations:
D:4 krixvar's ghost, amateur SpAs


Innate Abilities, Weirdness & Mutations

You cannot wear most types of armour.
You are very stealthy in the water. (Stealth+)
((You are amphibious.))
You can wear up to eight rings at the same time.
((You can use your tentacles to constrict eight enemies at once.))
((Your skin changes colour to match your surroundings (Stealth+).))
((Your rubbery body absorbs attacks. (AC +1, EV +1)))


Message History

You barely miss the sky beast.
The sky beast is severely wounded.
The sky beast flickers out of sight!
Deactivating autopickup; reactivate with Ctrl-A.
Something hits you.
* * * LOW HITPOINT WARNING * * *
Something shocks you.
* * * LOW HITPOINT WARNING * * *
Krixvar's ghost (amateur Spriggan Assassin) comes into view.
You turn into a tree.
Your roots penetrate the ground.
Something hits you but does no damage.
You closely miss something. Something hits you but does no damage.
Krixvar's ghost turns its malevolent gaze towards you.
You hit something. Something hits you but does no damage.
Krixvar's ghost wails, "To die, to sleep, no more."
You hit something. Something hits you but does no damage.
You hit something.
Krixvar's ghost hits you but does no damage.
Something hits you.
You die...

# # ######.##
#.##........
#.{♣W......#
####.####### #.#
#.# # #.#
#################.#
........##........#
#######.##.########
# #.##.#


You could see krixvar's ghost.

Vanquished Creatures
  The ghost of Morgon the Slasher, a weakling DsMo (D:3)
  2 worker ants (D:4)
  4 gnolls (D:4)
  2 adders (D:2)
  An adder skeleton (D:4)
  2 worms
  A dart slug (D:2)
  2 leopard geckos (D:3)
  2 ball pythons
  4 bats
  4 giant cockroaches
  6 goblins
  12 hobgoblins
  6 jackals (D:2)
  A quokka (D:2)
  A frilled lizard (D:1)
  9 kobolds
  7 rats
67 creatures vanquished.

Notes
Turn   | Place    | Note
-------+----------+-------------------------------------------
     0 | D:1      | ChromeMolly the Octopode Wanderer began the quest for the Orb.
     0 | D:1      | ChromeMolly set off with: a +2 short sword, a potion of curing, a scroll of teleportation, a bread ration
     0 | D:1      | Reached XP level 1. HP: 17/17 MP: 1/1
   242 | D:1      | Reached XP level 2. HP: 19/22 MP: 2/2
   688 | D:2      | Reached skill level 2 in Stealth
   688 | D:2      | Reached XP level 3. HP: 23/27 MP: 3/3
  1137 | D:2      | You fall through a shaft for 2 floors!
  1183 | D:4      | Reached skill level 3 in Stealth
  1183 | D:4      | Reached XP level 4. HP: 27/34 MP: 4/4
  1231 | D:2      | Found a shimmering altar of Xom.
  1231 | D:2      | Found a shimmering altar of Xom.
  1231 | D:2      | Found a shimmering altar of Xom.
  1231 | D:2      | Found a shimmering altar of Xom.
  1232 | D:2      | Found a shimmering altar of Xom.
  1239 | D:2      | Reached skill level 4 in Stealth
  1979 | D:2      | Reached XP level 5. HP: 34/38 MP: 5/5
  2296 | D:3      | Found a shattered altar of Ashenzari.
  2458 | D:3      | Noticed Morgon's ghost (weakling DsMo)
  2543 | D:3      | Killed Morgon's ghost
  2811 | D:3      | Found a sacrificial altar of Ru.
  2979 | D:4      | Found a snail-covered altar of Cheibriados.
  3102 | D:4      | Reached skill level 5 in Stealth
  3102 | D:4      | Reached XP level 6. HP: 36/44 MP: 6/6
  3125 | D:4      | Noticed a sky beast
  3141 | D:4      | HP: 1/44 [something (5)]
  3142 | D:4      | Noticed krixvar's ghost (amateur SpAs)
  3146 | D:4      | Slain by a sky beast

Skill      XL: |  1  2  3  4  5 |
---------------+----------------+-----
Stealth        | 2 3 4 5 |  5.2
Short Blades   | 3 |  3.2
Throwing       | 3 |  3.0
Fighting       | |  4.7
Dodging        | |  1.1

Action                   |  1- 3 |  4- 6 || total
-------------------------+-------+-------++-------
Melee: Short sword       |    54 |    33 ||    87
       Constrict         |    15 |    19 ||    34
       Tentacles         |     6 |    18 ||    24
       Dagger            |       |    66 ||    66
Throw: Stone             |    20 |    25 ||    45
  Use: Scroll            |     4 |     5 ||     9
       Potion            |     1 |     2 ||     3
 Stab: Sleeping          |     8 |     7 ||    15
  Eat: Chunk             |     1 |     5 ||     6
Armor: Skin              |     5 |    16 ||    21
Dodge: Dodged            |    23 |    46 ||    69
